 Dungeon Crawl Stone Soup version 0.23.2-1-ga50397a (webtiles) character file.

Game seed: 5272249963070286935

317 night the Caller (level 6, 0/44 HPs)
             Began as a Gnoll Summoner on May 6, 2019.
             Killed by nerve-wracking pain
             ... invoked by an orc priest
              (9 damage)
             ... on level 4 of the Dungeon.
             The game lasted 00:11:20 (3985 turns).

night the Caller (Gnoll Summoner)                   Turns: 3985, Time: 00:11:20

Health: 0/44       AC:  4    Str:  9 (10) XL:     6   Next: 45%
Magic:  8/14       EV: 15    Int: 19      God:
Gold:   176        SH:  0    Dex: 18      Spells: 5/15 levels left

rFire    . . .     SeeInvis .   q - +1 dagger (venom)
rCold    . . .     Gourm    .   (no shield)
rNeg     . . .     Faith    .   e - +0 leather armour
rPois    .         Spirit   .   (no helmet)
rElec    .         Reflect  .   (no cloak)
rCorr    .         Harm     .   s - +0 pair of gloves
MR       .....                  (no boots)
Stlth    +++.......             (no amulet)
HPRegen  0.14/turn              m - ring of wizardry (curse)
MPRegen  0.14/turn              r - ring of flight

@: no status effects
A: distributed training, fangs 1, agile 1, blurry vision 1, deterioration 1,
strong nose
a: Evoke Flight


You were on level 4 of the Dungeon.
You were not hungry.

You visited 1 branch of the dungeon, and saw 4 of its levels.

You collected 176 gold pieces.

Inventory:

Hand Weapons
 q - a +1 dagger of venom (weapon)
Missiles
 g - 48 arrows
 l - 39 bolts
 u - 28 stones (quivered)
Armour
 a - a +0 robe
 b - a +0 ring mail
 e - a +0 leather armour (worn)
 s - a +0 pair of gloves (worn)
Jewellery
 m - a cursed ring of wizardry (left hand)
 r - a ring of flight (right hand)
Scrolls
 d - a scroll of blinking {unknown}
 h - a scroll of amnesia {unknown}
 i - a scroll of enchant weapon {unknown}
 n - 2 scrolls of teleportation {unknown}
 o - a scroll of identify {unknown}
 p - a scroll of fear {unknown}
 t - a scroll of remove curse {unknown}
Potions
 f - a potion of heal wounds
 k - a potion of ambrosia
 w - a potion of degeneration {unknown}
Comestibles
 c - 8 rations
 v - a chunk of flesh


   Skills:
 + Level 1.9 Fighting
 + Level 1.9 Short Blades
 + Level 1.9 Long Blades
 + Level 1.9 Axes
 + Level 1.9 Maces & Flails
 + Level 1.9 Polearms
 + Level 1.9 Staves
 + Level 1.9 Slings
 + Level 1.9 Bows
 + Level 1.9 Crossbows
 + Level 1.9 Throwing
 + Level 1.9 Armour
 + Level 5.0 Dodging
 + Level 4.6 Stealth
 + Level 1.9 Shields
 + Level 1.9 Unarmed Combat
 + Level 5.3 Spellcasting
 + Level 1.5 Conjurations
 + Level 1.5 Hexes
 + Level 1.5 Charms
 + Level 7.3 Summonings
 + Level 1.5 Necromancy
 + Level 1.5 Translocations
 + Level 1.5 Transmutations
 + Level 1.5 Fire Magic
 + Level 1.5 Ice Magic
 + Level 1.5 Air Magic
 + Level 1.5 Earth Magic
 + Level 1.5 Poison Magic
 + Level 2.1 Invocations
 + Level 1.9 Evocations


You had 5 spell levels left.
You knew the following spells:

 Your Spells              Type           Power        Failure   Level  Hunger
a - Summon Small Mammal   Summ           ####         1%          1    None
b - Call Imp              Summ           ####....     1%          2    None
c - Call Canine Familiar  Summ           ####....     1%          3    ##.....
d - Summon Lightning Spi  Summ/Air       ###.....     11%         4    ####...

Your spell library contained the following spells:

 Spells                   Type           Power        Failure   Level  Hunger
 Summon Guardian Golem    Hex/Summ       ###.....     3%          3    ##.....
 Summon Ice Beast         Ice/Summ       ###.....     11%         4    ####...


Dungeon Overview and Level Annotations

Branches:
Dungeon (4/15)
 Temple: D:4-7

Altars:
Makhleb

Annotations:
D:4 Sigmund


Innate Abilities, Weirdness & Mutations

Your experience applies equally to all skills.
You have very sharp teeth.
Your uncanny sense of smell can sniff out nearby items.
You are agile. (Dex +2)
Scrolls take you a little longer to read.
Your body sometimes deteriorates upon taking damage.


Message History

Pain shoots through your body!
Your lightning spire shoots out a bolt of lightning at Sigmund!
The bolt of electricity hits Sigmund!
Sigmund hits your lightning spire with a +0 scythe.
The orc priest calls down the wrath of Beogh upon you.
Beogh smites you!
* * * LOW HITPOINT WARNING * * *
Your lightning spire shoots out a bolt of lightning at Sigmund!
The bolt of electricity hits Sigmund!
Saving game... please wait.
Level annotation: Sigmund Welcome back, night the Gnoll Summoner.
Press ? for a list of commands and other information.
The orc priest looks more healthy.
Something hits your lightning spire!
Your lightning spire is destroyed!
You feel sick.
You are no longer poisoned.
The orc priest calls down the wrath of Beogh upon you.
Pain shoots through your body!
You die...

..!..@..#### ##.###
.....#.....## #...#
.....#......###...#
.....####.o.......#
.##### ##........#
.. ...#.........#
.. ........o.....#
.# ..##..........#
## )..........@.#
##.#.........#
............##
#####.........#
#...<.....#
#.........#
#.........#
#.........#


You could see 2 orc priests.

Vanquished Creatures
  A sky beast (D:4)
  Blork the orc (D:4)
  An orc wizard (D:3)
  A worker ant (D:4)
  3 adders
  A howler monkey skeleton (D:2)
  A dart slug (D:3)
  2 orcs
  A ball python (D:2)
  2 giant cockroaches
  A goblin (D:1)
  3 hobgoblins
  2 kobolds (D:2)
  2 quokkas
  5 bats
  3 frilled lizards
  4 rats
34 creatures vanquished.

Vanquished Creatures (collateral kills)
  A worker ant (D:4)
  2 adders
  An ooze (D:1)
  5 worms (D:2)
  A leopard gecko (D:2)
  3 orcs
  A bat (D:1)
  4 goblins
  A frilled lizard (D:2)
  2 kobolds (D:2)
21 creatures vanquished.

Vanquished Creatures (others)
  A bat (D:3)
1 creature vanquished.

Grand Total: 56 creatures vanquished

Notes
Turn   | Place    | Note
-------+----------+-------------------------------------------
     0 | D:1      | night the Gnoll Summoner began the quest for the Orb.
     0 | D:1      | Reached XP level 1. HP: 13/13 MP: 6/6
   689 | D:1      | Reached XP level 2. HP: 16/19 MP: 7/7
   739 | D:1      | Learned a level 2 spell: Call Imp
  1363 | D:2      | Reached XP level 3. HP: 2/25 MP: 2/9
  1672 | D:2      | Reached skill level 5 in Spellcasting
  1730 | D:2      | Learned a level 3 spell: Call Canine Familiar
  2102 | D:2      | Reached skill level 1 in Invocations
  2536 | D:2      | Reached skill level 1 in Fighting
  2536 | D:2      | Reached skill level 1 in Short Blades
  2536 | D:2      | Reached skill level 1 in Long Blades
  2536 | D:2      | Reached skill level 1 in Axes
  2536 | D:2      | Reached skill level 1 in Maces & Flails
  2536 | D:2      | Reached skill level 1 in Polearms
  2536 | D:2      | Reached skill level 1 in Staves
  2536 | D:2      | Reached skill level 1 in Slings
  2536 | D:2      | Reached skill level 1 in Bows
  2536 | D:2      | Reached skill level 1 in Crossbows
  2536 | D:2      | Reached skill level 1 in Throwing
  2536 | D:2      | Reached skill level 1 in Armour
  2536 | D:2      | Reached skill level 1 in Shields
  2536 | D:2      | Reached skill level 1 in Unarmed Combat
  2536 | D:2      | Reached skill level 1 in Evocations
  2765 | D:3      | Reached XP level 4. HP: 30/32 MP: 8/11
  2849 | D:3      | Reached skill level 1 in Conjurations
  2849 | D:3      | Reached skill level 1 in Hexes
  2849 | D:3      | Reached skill level 1 in Charms
  2849 | D:3      | Reached skill level 1 in Necromancy
  2849 | D:3      | Reached skill level 1 in Translocations
  2849 | D:3      | Reached skill level 1 in Transmutations
  2849 | D:3      | Reached skill level 1 in Fire Magic
  2849 | D:3      | Reached skill level 1 in Ice Magic
  2849 | D:3      | Reached skill level 1 in Air Magic
  2849 | D:3      | Reached skill level 1 in Earth Magic
  2849 | D:3      | Reached skill level 1 in Poison Magic
  3316 | D:3      | Learned a level 4 spell: Summon Lightning Spire
  3449 | D:3      | Found a burning altar of Makhleb.
  3660 | D:4      | Noticed Blork the orc
  3664 | D:4      | Killed Blork the orc
  3664 | D:4      | Reached XP level 5. HP: 32/37 MP: 12/12
  3917 | D:4      | Noticed a sky beast
  3922 | D:4      | Killed a sky beast
  3922 | D:4      | Reached XP level 6. HP: 44/44 MP: 14/14
  3947 | D:4      | Noticed Sigmund
  3959 | D:4      | Gained mutation: Your body sometimes deteriorates upon
                  | taking damage. [potion of mutation]
  3959 | D:4      | Gained mutation: Scrolls take you a little longer to read.
                  | [potion of mutation]
  3959 | D:4      | Gained mutation: You are agile. (Dex +2) [potion of
                  | mutation]
  3961 | D:4      | Reached skill level 5 in Dodging
  3985 | D:4      | Killed from afar by an orc priest

Skill      XL: |  1  2  3  4  5  6 |
---------------+-------------------+-----
Spellcasting   | 5 |  5.3
Invocations    | 1 2 |  2.1
Fighting       | 1 |  1.9
Short Blades   | 1 |  1.9
Long Blades    | 1 |  1.9
Axes           | 1 |  1.9
Maces & Flails | 1 |  1.9
Polearms       | 1 |  1.9
Staves         | 1 |  1.9
Slings         | 1 |  1.9
Bows           | 1 |  1.9
Crossbows      | 1 |  1.9
Throwing       | 1 |  1.9
Armour         | 1 |  1.9
Shields        | 1 |  1.9
Unarmed Combat | 1 |  1.9
Evocations     | 1 |  1.9
Conjurations   | 1 |  1.5
Hexes          | 1 |  1.5
Charms         | 1 |  1.5
Necromancy     | 1 |  1.5
Translocations | 1 |  1.5
Transmutations | 1 |  1.5
Fire Magic     | 1 |  1.5
Ice Magic      | 1 |  1.5
Air Magic      | 1 |  1.5
Earth Magic    | 1 |  1.5
Poison Magic   | 1 |  1.5
Dodging        | 5 |  5.0
Stealth        | |  4.6
Summonings     | |  7.3

Action                   |  1- 3 |  4- 6 || total
-------------------------+-------+-------++-------
Melee: Club              |    34 |       ||    34
       Unarmed           |     8 |       ||     8
       Bite              |     5 |     4 ||     9
       Dagger            |    42 |    46 ||    88
       Punch             |       |     1 ||     1
 Cast: Summon Small Mamm |     5 |       ||     5
       Call Imp          |    11 |     5 ||    16
       Summon Lightning  |       |     3 ||     3
  Use: Potion            |       |     3 ||     3
 Stab: Sleeping          |     4 |     3 ||     7
  Eat: Chunk             |     5 |     5 ||    10
Armor: Robe              |    16 |       ||    16
       Leather armour    |     3 |     5 ||     8
       Ring mail         |     1 |    19 ||    20
Dodge: Dodged            |    87 |    44 ||   131
